 Dungeon Crawl Stone Soup version 0.28.0 (webtiles) character file.

Game seed: 16948977417161684627

67 porkupine the Chiller (level 3, 0/30 HPs)
             Began as a Draconian Wanderer on Feb 18, 2022.
             Was a Believer of Nemelex Xobeh.
             Succumbed to an adder's poison
             ... on level 3 of the Dungeon.
             The game lasted 00:05:24 (2624 turns).

porkupine the Chiller (Draconian Wanderer)          Turns: 2624, Time: 00:05:25

Health: 0/30       AC:  6    Str:  9    XL:     3   Next: 98%
Magic:  1/6        EV: 11    Int: 15    God:    Nemelex Xobeh [**....]
Gold:   59         SH:  0    Dex: 12    Spells: 5/6 levels left

rFire   . . .      SeeInvis .   g - +1 dagger (holy)
rCold   . . .      Faith    .   (no shield)
rNeg    . . .      Spirit   .   (armour unavailable)
rPois   .          Reflect  .   (helmet restricted)
rElec   .          Harm     .   (no cloak)
rCorr   .          Rampage  .   (no gloves)
Will    .....                   b - +0 pair of boots
Stlth   ++........              i - amulet of the acrobat
HPRegen 0.10/turn               (no ring)
MPRegen 0.10/turn               (no ring)

@: brilliant, lethally poisoned (0 -> -3), hasted, very quick
A: AC +5, unfitting armour, cold-blooded, robust 1, weak 1
a: Renounce Religion, Draw Escape, Draw Destruction, Draw Summoning


You were on level 3 of the Dungeon.
You worshipped Nemelex Xobeh.
Nemelex Xobeh was pleased with you.
You visited 1 branch of the dungeon, and saw 3 of its levels.

You collected 59 gold pieces.

Inventory:

Hand Weapons
 a - a +0 dagger
 g - a +1 dagger of holy wrath (weapon)
Missiles
 f - 6 poisoned darts
Armour
 b - a +0 pair of boots (worn)
Jewellery
 i - an amulet of the acrobat (around neck)
Potions
 d - a potion of haste


   Skills:
 - Level 1.1 Fighting
 - Level 1.0 Throwing
 - Level 1.0 Dodging
 - Level 1.7 Stealth
 + Level 2.1 Spellcasting
 + Level 1.9 Necromancy
 + Level 2.9 Ice Magic
 - Level 2.0 Evocations


You had 5 spell levels left.
You knew the following spells:

 Your Spells              Type           Power      Damage    Failure   Level
a - Freeze                Ice            60%        1d8       6%          1

Your spell library contained the following spells:

 Spells                   Type           Power      Damage    Failure   Level
 Animate Skeleton         Necr           20%        N/A       10%         1
 Pain                     Necr           40%        1d6       10%         1
 Frozen Ramparts          Ice            30%        1d5       19%         3
 Vampiric Draining        Necr           10%        2d6       30%         3
 Animate Dead             Necr           5%         N/A       69%         4
 Hailstorm                Conj/Ice       9%         3d4       75%         4
 Haunt                    Necr/Summ      3%         N/A       100%        7
 Infestation              Necr           5%         N/A       100%        8


Dungeon Overview and Level Annotations

Branches:
Dungeon (3/15)

Altars:
Nemelex Xobeh


Innate Abilities, Weirdness & Mutations

Your plain brown scales are hard. (AC +5)
You cannot fit into any form of body armour.
You are cold-blooded and may be slowed by cold attacks.
You are robust. (+10% HP)
You are weak. (Str -2)


Message History

Press: ? - help, Shift-Dir - straight line, f/p - adder
Aim: an adder (moderately wounded, slow)
You freeze the adder.
The adder is severely wounded.
You feel very sick. The adder barely misses you.
Casting: Freeze (safe; 7% risk of failure)
Confirm with . or Enter, or press ? or * to list all spells.
Aiming: Freeze (safe; 7% risk of failure)
Press: ? - help, Shift-Dir - straight line, f/p - adder
Aim: an adder (severely wounded, slow)
You freeze the adder.
You kill the adder!
* * * LOW HITPOINT WARNING * * *
You feel very sick.
It was a potion of haste.
You feel yourself speed up.
* * * LOW HITPOINT WARNING * * *
You feel sick.
It was a potion of brilliance.
You feel clever all of a sudden.
* * * LOW HITPOINT WARNING * * *
You feel sick.
Really quaff the potion of mutation?
You feel extremely strange.
You feel weaker.
You feel robust.
* * * LOW HITPOINT WARNING * * *
You feel sick.
As you read the scroll labelled ALOIMI PAOLI, it crumbles to dust.
It is a scroll of identify.
You don't have any unidentified items.
* * * LOW HITPOINT WARNING * * *
You feel sick.
Your magical contamination has completely faded away.
You draw a card...
You have drawn the Cloud.
Nothing appears to happen.
The deck of cards glows slightly and disappears.
* * * LOW HITPOINT WARNING * * *
You feel sick.
You draw a card...
You have drawn the Rangers.
You die...
Your body glows slightly and disappears.

.... ....
.... ...
##$####
#.....#
#.....#
#<..c.#
#.@.c.#####
#..........
#.c††.#####
#.......#
#.....#....
#.....# ...
##.#### #.
#.# #.


You could see 3 friendly centaur warriors.

Vanquished Creatures
  3 adders
  A worm (D:2)
  3 ball pythons
  4 bats
  5 endoplasms
  A giant cockroach (D:2)
  5 goblins
  3 hobgoblins
  3 jackals (D:2)
  A quokka (D:1)
  2 kobolds
  3 rats (D:1)
34 creatures vanquished.

Notes
Turn   | Place    | Note
-------+----------+-------------------------------------------
     0 | D:1      | porkupine the Draconian Wanderer began the quest for the
                  | Orb.
     0 | D:1      | porkupine set off with the following items: a +0 dagger, a
                  | +0 pair of boots, a potion of mutation; and the following
                  | spell memorised: Freeze; and the following spells available
                  | to memorise: Frozen Ramparts, Hailstorm
     0 | D:1      | Reached XP level 1. HP: 16/16 MP: 2/2
   482 | D:1      | Reached XP level 2. HP: 21/23 MP: 0/4
   918 | D:1      | Reached skill level 1 in Necromancy
  1101 | D:1      | Found a faded altar of an unknown god.
  1116 | D:1      | Prayed at the altar of an unknown god.
  1116 | D:1      | Became a worshipper of Nemelex Xobeh the Trickster
  1116 | D:1      | Reached * piety under Nemelex Xobeh
  1116 | D:1      | Received a gift from Nemelex Xobeh
  1668 | D:2      | Reached XP level 3. HP: 22/28 MP: 0/5
  2230 | D:2      | Received a gift from Nemelex Xobeh
  2241 | D:2      | Reached ** piety under Nemelex Xobeh
  2620 | D:3      | Gained mutation: You are weak. (Str -2) [potion of
                  | mutation]
  2620 | D:3      | Gained mutation: You are robust. (+10% HP) [potion of
                  | mutation]
  2623 | D:3      | HP: 1/30 [poisoned by an adder]
  2624 | D:3      | Succumbed to an adder's poison

Illustrated notes

Levels and vault maps discovered:
D:1:      minmay_arrival_four_loops, layout_loops_corners,
          shapermc_ecumenical_altar_mp_highgroup
D:2:      layout_loops_ring
D:3:      layout_rooms, nzn_hepliaklqana_mist_gate

Skill      XL: |  1  2  3 |
---------------+----------+-----
Necromancy     | 1 |  1.9
Spellcasting   | 2 |  2.1
Fighting       | |  1.1
Throwing       | |  1.0
Dodging        | |  1.0
Stealth        | |  1.7
Ice Magic      | |  2.9
Evocations     | |  2.0

Action                   || total
-------------------------++-------
Melee: Dagger            ||    59
       Tailslap          ||     8
 Cast: Freeze            ||    47
Invok: Draw Escape       ||     1
       Draw Summoning    ||     1
  Use: Potion            ||     3
       Scroll            ||     1
 Stab: Sleeping          ||     3
Armor: Skin              ||    33
Dodge: Dodged            ||    57
